 Dungeon Crawl Stone Soup version 0.19-a0-1057-g15bb84d (webtiles) character file.

1953 magipi the Carver (level 8, 0/51 HPs)
             Began as a Deep Elf Berserker on Aug 2, 2016.
             Was an Elder of Trog.
             Splashed by a jelly's acid (9 damage)
             ... on level 7 of the Dungeon.
             The game lasted 00:27:31 (8149 turns).

magipi the Carver (Deep Elf Berserker)              Turns: 8149, Time: 00:27:32

Health: 0/51       AC:  1    Str: 14    XL:     8   Next: 99%
Magic:  10/10      EV: 11    Int: 13    God:    Trog [****..]
Gold:   328        SH:  0    Dex: 16    Spells: 0 memorised, 7 levels left

rFire  + . .     SeeInvis .     a - +1 long sword
rCold  + . .     Gourm    .     v - +1 ring mail {rF+}
rNeg   . . .     Faith    .     (no shield)
rPois  .         Spirit   .     l - +0 helmet
rElec  .         Dismiss  .     s - +0 cloak
rCorr  .         Reflect  .     (no gloves)
SustAt +         Harm     .     d - +0 pair of boots
MR     ++...                    r - amulet of regeneration
Stlth  +.........               i - ring of sustain attributes
                                c - ring of protection from cold

@: corroded, regenerating, very resistant to hostile enchantments, very
unstealthy
A: no striking features
a: Berserk, Trog's Hand, Brothers in Arms, Burn Spellbooks, Renounce Religion


You were on level 7 of the Dungeon.
You worshipped Trog.
Trog was greatly pleased with you.
You were very hungry.

You visited 2 branches of the dungeon, and saw 8 of its levels.

You collected 328 gold pieces.

Notes
Turn   | Place    | Note
-------+----------+-------------------------------------------
     0 | D:1      | magipi the Deep Elf Berserker began the quest for the Orb.
     0 | D:1      | Reached XP level 1. HP: 13/13 MP: 3/3
   143 | D:1      | Reached skill level 3 in Long Blades
   350 | D:1      | Reached XP level 2. HP: 15/18 MP: 4/4
   885 | D:1      | Reached XP level 3. HP: 21/22 MP: 5/5
   985 | D:1      | Reached ** piety under Trog
  1126 | D:1      | Reached skill level 4 in Long Blades
  1707 | D:2      | Reached XP level 4. HP: 16/27 MP: 6/6
  2282 | D:3      | Noticed Ijyb
  2290 | D:3      | Killed Ijyb
  2291 | D:3      | Found a faded altar of an unknown god.
  2475 | D:3      | Reached skill level 5 in Long Blades
  2962 | D:3      | Reached XP level 5. HP: 31/31 MP: 7/7
  3091 | D:3      | Found an ancient bone altar of Kikubaaqudgha.
  3093 | D:3      | Found a glowing silver altar of Zin.
  3098 | D:3      | Found a sparkling altar of Nemelex Xobeh.
  3099 | D:3      | Found a hide-covered altar of Uskayaw.
  3099 | D:3      | Found a blossoming altar of Fedhas.
  3099 | D:3      | Found a shattered altar of Ashenzari.
  3102 | D:3      | Found a shimmering altar of Xom.
  3103 | D:3      | Found a burning altar of Makhleb.
  3104 | D:3      | Found a stormy altar of Qazlal.
  3858 | D:4      | Reached skill level 6 in Long Blades
  3866 | D:4      | Reached XP level 6. HP: 33/36 MP: 8/8
  4269 | D:4      | Reached skill level 7 in Long Blades
  4621 | D:5      | Entered Level 5 of the Dungeon
  4695 | D:5      | Found a staircase to the Ecumenical Temple.
  4700 | Temple   | Entered the Ecumenical Temple
  4921 | D:5      | Reached *** piety under Trog
  4926 | D:5      | Reached XP level 7. HP: 40/40 MP: 9/9
  5927 | D:6      | Reached skill level 8 in Long Blades
  6106 | D:6      | Reached XP level 8. HP: 37/48 MP: 10/10
  7085 | D:6      | Reached **** piety under Trog
  7085 | D:6      | Reached skill level 5 in Fighting
  7161 | D:6      | Noticed Pikel
  7340 | D:7      | Found Etsit's Antique Armour Boutique.
  7403 | D:7      | Found Vubeylob's Food Shop.
  7547 | D:7      | Reached skill level 9 in Long Blades
  7963 | D:7      | Found Ubuzisoh's Jewellery Boutique.
  8001 | D:7      | Found Hefes's Assorted Antiques.
  8149 | D:7      | Splashed by a jelly's acid

Inventory:

Hand Weapons
 a - a +1 long sword (weapon)
 z - a +0 scimitar
Missiles
 b - 4 tomahawks
 g - 3 steel javelins (quivered)
 w - 2 throwing nets
Armour
 d - a +0 pair of boots (worn)
 l - a +0 helmet (worn)
 s - a +0 cloak (worn)
 v - a +1 ring mail of fire resistance (worn)
Jewellery
 c - a ring of protection from cold (left hand)
 i - a ring of sustain attributes (right hand)
 r - an amulet of regeneration (around neck)
Wands
 f - a wand of flame (8/48)
 k - a wand of iceblast (13/15)
 u - a wand of confusion (14/48)
 y - a wand of slowing (30/48)
Scrolls
 e - 2 scrolls of fear
Potions
 m - 3 potions of curing
 o - a potion of lignification
 t - a potion of brilliance
 x - 3 potions of flight
Comestibles
 j - 3 meat rations
 q - 4 bread rations


   Skills:
 + Level 5.9 Fighting
 + Level 9.4 Long Blades
 - Level 1.5 Armour
 - Level 2.4 Dodging


You had 7 spell levels left.
You didn't know any spells.

Dungeon Overview and Level Annotations

Branches:
Dungeon (7/15)             Temple (1/1) D:5

Altars:
Ashenzari
Cheibriados
Dithmenos
Elyvilon
Fedhas
Gozag
Hepliaklqana
Kikubaaqudgha
Makhleb
Nemelex Xobeh
Okawaru
Pakellas
Qazlal
Ru
Trog
Uskayaw
Vehumet
Xom
Yredelemnul
Zin
The Shining One

Shops:
D:7 %[=*

Annotations:
D:6 Pikel

Vault maps used:
D:1:      lightli_arrival_flooded_house
D:3:      minitemple, ecumenical_altar_1, minmay_cupped, uniq_iyjb
D:4:      first_bread
D:5:      abandoned_shop, nrook_loot_triangle
D:6:      grunt_decor_fettered, uniq_pikel
D:7:      serial_shops, shop, nicolae_shop_overgrown_old_shop, shop,
          nicolae_shop_stone, hangedman_decor_slide_cut, the_bakery,
          minmay_joined_circles
Temple:   nicolae_temple_hex_pool


Message History

You hear a distant slurping noise.
You hear a distant slurping noise.
Put on which piece of jewellery? (? for menu, Esc to quit)
The amulet throbs as it attunes itself to your uninjured body.
t - an amulet of regeneration (around neck) Adjust (i)tems, (s)pells, or (a)bilities?
Adjust which item? (? for menu, Esc to quit)
t - an amulet of regeneration (around neck) Adjust to which letter? (? for menu, Esc to quit)
r - an amulet of regeneration (around neck)
t - a potion of brilliance Put on which piece of jewellery? (? for menu, Esc to quit)
h - a ring of stealth (left hand) Put on which piece of jewellery? (? for menu, Esc to quit)
i - a ring of sustain attributes (right hand) Put on which piece of jewellery? (? for menu, Esc to quit)
You're wearing all the rings you can.
Remove which one? (? for menu, Esc to cancel) < or
h - a ring of stealth; > or
i - a ring of sustain attributes You remove your ring of stealth.
q - a ring of protection from cold (left hand) Adjust (i)tems, (s)pells, or (a)bilities?
Adjust which item? (? for menu, Esc to quit)
q - a ring of protection from cold (left hand) Adjust to which letter? (? for menu, Esc to quit)
c - a ring of protection from cold (left hand)
q - 4 bread rations Put on which piece of jewellery? (? for menu, Esc to quit)
Okay, then.
Unknown command.
Drop what? 25/52 slots (_ for help) (? for menu, Esc to quit)
You drop an uncursed ring of stealth.
Wear which item? (? for menu, Esc to quit)
Okay, then.
Wear which item? (? for menu, Esc to quit)
You start removing your armour.
You continue taking off your +0 scale mail. x4
You finish taking off your +0 scale mail.
You start putting on your armour.
You continue putting on your runed ring mail. x5
You finish putting on your +1 ring mail of fire resistance.
You feel resistant to fire.
Drop what? 24/52 slots (_ for help) (? for menu, Esc to quit)
You drop a +0 scale mail.
You see here an uncursed ring of stealth.
A giant newt comes into view.
The giant newt closely misses you.
You riposte.
You slash the giant newt!
You kill the giant newt!
Trog accepts your kill.
An adder comes into view.
You slash the adder!
The adder is almost dead.
The adder bites you but does no damage.
You barely miss the adder.
The adder is almost dead.
The adder misses you.
You hit the adder but do no damage.
The adder is almost dead.
The adder barely misses you.
You slash the adder!
You kill the adder!
Trog accepts your kill.
Things that are here:
a leather armour; an orc corpse You see here a giant newt corpse.
There is an entrance to Hefes's Assorted Antiques here.
You see here a giant newt corpse.
You butcher the giant newt corpse.
A centaur comes into view.
You see here a chunk of flesh.
A jelly comes into view.
The jelly quivers.
The jelly moves out of view.
You hear a distant slurping noise.
Found a fuming purple potion.
The jelly closely misses you.
An adder comes into view.
The adder hisses angrily.
You hit the jelly.
Your hands burn!
The jelly is lightly wounded.
The jelly hits you.
You are splashed with acid!
The acid corrodes you!
The acid burns!
You hit the jelly. The acid corrodes you!
Your hands burn!
The jelly is lightly wounded.
You hit the jelly but do no damage.
Your hands burn!
The jelly is lightly wounded.
The jelly hits you.
You are splashed with acid!
The acid burns!
The centaur shouts!
You hit the jelly but do no damage.
Your hands burn!
The jelly is lightly wounded.
The jelly hits you.
You are splashed with acid!
The acid corrodes you!
The acid burns!
* * * LOW HITPOINT WARNING * * *
Your skin crawls.
You feel resistant to hostile enchantments.
You are feeling very hungry.
The jelly hits you.
* * * LOW HITPOINT WARNING * * *
You are splashed with acid!
The acid burns!
You die...

..........###.#..#####=...##.. .
##.##..##...†..#.##..#...#..#...
.#. ##.#####.....##..#..#....#..
.. #.P....#..#.#[.....# .#
#.P∩%..#..##...##...# .##
#.P.P.[#..###### #### ..### .#
#..........# ....# .#
#####....#.# ....# .#
..#####@##.#.# ..#>##.#
#.!....J##.#.#
.......########.S##.# #
#.......##.......c#.#
...........#####.....
∩.........### #.....
............. ......
..........## #.....# .#####..).#
.......


You could see a centaur, a jelly and an adder.

Vanquished Creatures
  A spriggan (D:7)
  2 ice beasts (D:5)
  2 orc warriors
  A black bear (D:4)
  An ogre (D:7)
  2 centaurs
  A big kobold (D:4)
  A giant frog (D:5)
  2 howler monkeys (D:7)
  A crimson imp (D:5)
  A centaur zombie (D:5)
  A hound (D:7)
  7 orc priests
  A giant frog skeleton (D:5)
  4 orc wizards
  An iguana (D:4)
  Ijyb (D:3)
  5 worker ants
  8 gnolls
  7 adders
  An ooze (D:1)
  2 dart slugs
  5 giant geckos
  24 orcs
  2 ball pythons
  5 giant cockroaches
  8 goblins
  9 hobgoblins
  4 jackals (D:7)
  4 kobolds
  5 quokkas
  8 bats
  A giant cockroach zombie (D:5)
  A giant gecko zombie (D:5)
  6 giant newts
  A jackal zombie (D:7)
  A quokka zombie (D:6)
  3 rats
140 creatures vanquished.

Action                   |  1- 3 |  4- 6 |  7- 9 || total
-------------------------+-------+-------+-------++-------
Melee: Falchion          |   139 |   129 |       ||   268
       Long sword        |       |    78 |   295 ||   373
Throw: Tomahawk          |       |     3 |       ||     3
       Javelin           |       |       |     2 ||     2
Invok: Berserk           |     1 |     5 |    14 ||    20
       Trog's Hand       |       |       |     1 ||     1
  Use: Scroll            |     3 |     1 |     6 ||    10
 Stab: Sleeping          |     1 |       |       ||     1
  Eat: Chunk             |     1 |     8 |    12 ||    21
       Bread ration      |     1 |     1 |     1 ||     3
       Fruit             |       |     3 |       ||     3
       Pizza             |       |       |     1 ||     1
       Meat ration       |       |       |     1 ||     1
Armor: Animal skin       |     4 |       |       ||     4
       Ring mail         |    29 |    10 |     1 ||    40
       Scale mail        |       |    46 |    76 ||   122
Dodge: Dodged            |    70 |    96 |   111 ||   277

Action                   |  1- 3 |  4- 6 |  7- 9 || total
-------------------------+-------+-------+-------++-------
Melee: Falchion          |   139 |   129 |       ||   268
       Long sword        |       |    78 |   295 ||   373
Throw: Tomahawk          |       |     3 |       ||     3
       Javelin           |       |       |     2 ||     2
Invok: Berserk           |     1 |     5 |    14 ||    20
       Trog's Hand       |       |       |     1 ||     1
  Use: Scroll            |     3 |     1 |     6 ||    10
 Stab: Sleeping          |     1 |       |       ||     1
  Eat: Chunk             |     1 |     8 |    12 ||    21
       Bread ration      |     1 |     1 |     1 ||     3
       Fruit             |       |     3 |       ||     3
       Pizza             |       |       |     1 ||     1
       Meat ration       |       |       |     1 ||     1
Armor: Animal skin       |     4 |       |       ||     4
       Ring mail         |    29 |    10 |     1 ||    40
       Scale mail        |       |    46 |    76 ||   122
Dodge: Dodged            |    70 |    96 |   111 ||   277
